Map: Frozen Temple

Players

Pokebunny - Winner!

  • Race: Terran Terran
  • League: Grandmaster

Smile

  • Race: Terran Terran
  • League: Grandmaster

VOD

Have the link to the VOD?

Description

Time

  • Played on: April 6, 2016, 8:56 p.m.
  • Length: 6:42
Show
View Real Time Build Order
Export as new Build Order

Pokebunny Terran - Winner!

Build Orders: Reaper Expand 

Get SALT Encoding   

  12  0:01  SCV  
  13  0:13  SCV  
  14  0:18  Supply Depot  
  14  0:25  SCV  
  15  0:40  SCV  
  15  0:42  Barracks  
  16  0:45  Refinery  
  16  0:52  SCV  
  18  1:04  SCV  
  18  1:16  SCV  
  19  1:29  Orbital Command  
  19  1:32  Reaper  
  20  1:42  Command Center  
  20  1:52  Supply Depot  
  20  1:55  SCV  
  21  2:04  Marine  
  21  2:07  SCV  
  23  2:09  Factory  
  23  2:17  Refinery  
  23  2:19  SCV  
  23  2:22  Marine  
  25  2:33  SCV  
  26  2:41  Marine  
  27  2:46  SCV  
  28  2:54  Hellion  
  28  2:55  Starport, Orbital Command  
  28  2:58  SCV  
  31  2:59  Marine  
  32  3:16  Factory Tech Lab  
  32  3:17  Marine  
  32  3:18  SCV  
  34  3:36  Siege Tank, Marine  
  34  3:37  Medivac  
  34  3:39  SCV x2  
  42  3:43  Supply Depot  
  42  3:51  Barracks  
  42  3:54  Barracks Tech Lab  
  42  3:55  Barracks  
  42  3:56  SCV x2  
  42  4:01  Supply Depot  
  44  4:09  Engineering Bay  
  44  4:10  Supply Depot  
  44  4:13  Viking, Marine  
  47  4:23  Siege Tank  
  47  4:30  SCV  
  47  4:31  SCV  
  49  4:36  Marine  
  50  4:39  Stimpack  
  50  4:45  Barracks Reactor  
  50  4:48  SCV x2  
  50  4:52  Refinery  
  52  4:58  Barracks Reactor, Marine  
  53  5:01  SCV x2  
  52  5:13  SCV x2  
  54  5:17  Siege Tank  
  57  5:24  Marine x3  
  61  5:35  SCV  
  61  5:36  SCV  
  61  5:39  Marine x2  
  61  5:41  Starport Reactor  
  61  5:42  Marine x3  
  66  5:49  Siege Tank  
  70  5:56  Supply Depot x2  
  70  6:07  Marine x2  
  70  6:17  Marine x3, SCV x2  
  74  6:29  SCV x2  
Show
View Real Time Build Order
Export as new Build Order

Smile Terran 

Build Orders: 1/1/1, Liberator Opening 

Get SALT Encoding   

  12  0:00  SCV  
  13  0:13  SCV  
  14  0:18  Supply Depot  
  14  0:25  SCV  
  15  0:30  Refinery  
  15  0:39  SCV  
  16  0:44  Barracks  
  16  0:51  SCV  
  16  0:55  Refinery  
  17  1:03  SCV  
  18  1:16  SCV  
  19  1:33  Reaper  
  19  1:35  Orbital Command  
  19  1:37  Factory  
  20  1:53  Supply Depot  
  20  2:00  SCV  
  21  2:05  Reaper  
  22  2:13  SCV  
  23  2:21  Hellion  
  25  2:22  Starport  
  25  2:29  SCV  
  26  2:37  Reaper  
  27  2:46  Hellion  
  30  2:51  Supply Depot  
  30  3:00  Medivac  
  31  3:09  SCV  
  31  3:14  Hellion, Reaper  
  34  3:21  SCV  
  34  3:23  Liberator  
  35  3:33  SCV  
  36  3:40  Factory Tech Lab  
  39  3:50  Barracks Reactor  
  39  3:51  Command Center  
  39  3:53  Supply Depot  
  39  4:09  Supply Depot  
  39  4:15  Cyclone, SCV  
  42  4:27  SCV  
  42  4:31  Viking, Marine x2  
  47  4:39  SCV  
  48  4:47  Siege Tank  
  48  4:51  SCV  
  52  4:54  Marine x2  
  54  5:03  SCV  
  50  5:13  Marine x2  
  53  5:16  Command Center  
  53  5:18  SCV  
  52  5:24  Barracks  
  52  5:30  Orbital Command  
  52  5:31  SCV  
  53  5:46  Barracks Tech Lab, SCV  
  53  5:47  Barracks  
  52  6:00  Siege Tank  
  55  6:06  Starport Reactor  
  55  6:07  Marine  
  55  6:08  SCV  
  57  6:13  SCV  
  56  6:24  SCV  
Tags
 
Add a new tag
Caveats
  • Supply blocks, unpowered buildings, or Contaminate may cause inaccurate times.
  • Supply counts are checked every 10 seconds.